AoeStats
← [GDL] Maldito Pantoja

Arena

505558855Analyzed
4v4 RM · 23d ago on Sep 10, 2026· 38m 19s· 8 players
Game mode
Random Map
Map size
Large (8 player)
Population
200
Speed
Normal
Resources
Standard
Victory
Conquest
Starting age
Dark Age
Ending age
Imperial Age
RankedLock teamsTeams togetherTeam positionsShared explorationLock speedFull tech treeHidden civsTurbo modeCheats
Victory
Defeat
🇺🇸 Cumans · United States
1431
+12
🇨🇦 Inca · Canada
1415
+13
🇺🇸 Mapuche · United States
1359
+15
🇨🇦 Italians · Canada
1341
+17
🇨🇴 Gurjaras · Colombia
1369
-15
🇨🇴 Poles · Colombia
1347
-14
🇲🇽 Spanish · Mexico
1342
-14
🇲🇽 Franks · Mexico
1332
-14
:) YO30830
9:14 Feudal Age
9:44 Double-Bit Axe
16:38 Castle Age
17:40 Stone Mining
18:35 Loom
18:42 Gold Mining
20:28 Gold Shaft Mining
20:06 Bow Saw
23:09 Scale Mail Armor
23:19 Forging
26:38 Iron Casting
29:05 Chain Mail Armor
35:29 Scale Barding Armor
38:11 Imperial Age
36:09 Husbandry
37:07 Chain Barding Armor
[GDL] Maldito Pantoja
10:03 Feudal Age
14:36 Castle Age
16:37 Double-Bit Axe
21:21 Loom
25:28 Horse Collar
25:57 Gold Mining
27:24 Wheelbarrow
28:16 Heavy Plow
28:34 Bow Saw
34:14 Imperial Age
32:06 Forging
32:32 Scale Barding Armor
32:38 Bloodlines
32:28 Husbandry
32:35 Husbandry
33:53 Iron Casting
34:00 Chain Barding Armor
34:18 Cavalier
35:58 Blast Furnace
35:24 Conscription
37:59 Hand Cart
37:29 Town Watch
38:12 Fletching
PrimordiaL_
10:48 Feudal Age
14:24 Castle Age
12:53 Double-Bit Axe
13:13 Horse Collar
15:28 Bow Saw
22:21 Wheelbarrow
21:35 Loom
21:52 Heavy Plow
28:47 Imperial Age
26:30 Gold Mining
27:23 Padded Archer Armor
27:31 Scale Barding Armor
28:36 Forging
28:28 Town Watch
28:37 Stone Mining
29:03 Husbandry
29:15 Bloodlines
29:31 Ballistics
29:57 Chain Barding Armor
29:08 Light Cavalry
31:11 Iron Casting
30:29 Heavy Camel Rider
32:20 Plate Barding Armor
33:04 Elite Skirmisher
33:45 Padded Archer Armor
33:36 Fletching
34:41 Leather Archer Armor
34:24 Bodkin Arrow
35:30 Chemistry
34:45 Thumb Ring
35:12 Bracer
37:33 Thumb Ring
Zell
3:17 Loom
10:20 Feudal Age
10:57 Town Watch
11:48 Wheelbarrow
16:37 Castle Age
14:49 Double-Bit Axe
15:03 Horse Collar
15:46 Stone Mining
17:24 Town Patrol
31:32 Bow Saw
31:55 Heavy Plow
34:16 Hand Cart
39:41 Imperial Age
37:53 Crossbowman
R00FT0P CG
10:39 Feudal Age
14:31 Castle Age
12:20 Double-Bit Axe
15:53 Bow Saw
15:41 Fletching
16:25 Bodkin Arrow
25:06 Wheelbarrow
24:17 Town Watch
26:04 Horse Collar
29:14 Heavy Plow
29:05 Gold Mining
29:05 Stone Mining
33:44 Imperial Age
32:05 Gold Shaft Mining
32:16 Padded Archer Armor
33:27 Leather Archer Armor
33:44 Ballistics
33:09 Treadmill Crane
34:22 Clinker Construction
33:53 Elite Bolas Rider
35:05 Malon
36:25 Stone Shaft Mining
36:20 Crop Rotation
36:11 Butalmapu
38:19 Chemistry
38:53 Conscription
GOAT Gobz
10:56 Feudal Age
12:17 Double-Bit Axe
15:12 Castle Age
13:16 Horse Collar
16:52 Loom
18:57 Wheelbarrow
22:03 Heavy Plow
22:45 Bow Saw
23:44 Hand Cart
24:51 Gold Mining
25:51 Scale Mail Armor
26:01 Forging
27:34 Chain Mail Armor
30:15 Imperial Age
27:25 Champi Runner
28:06 Squires
27:52 Arson
28:46 Iron Casting
28:02 Fletching
28:57 Gold Shaft Mining
28:13 Stone Mining
28:37 Fortified Wall
28:41 Masonry
28:12 Champi Warrior
30:02 Bodkin Arrow
29:54 Pikeman
30:43 Elite Champi Warrior
31:55 Plate Mail Armor
32:14 Bracer
Ice2207
8:30 Feudal Age
11:13 Double-Bit Axe
15:01 Horse Collar
21:13 Castle Age
22:48 Bow Saw
23:47 Wheelbarrow
23:53 Heavy Plow
24:06 Gold Mining
25:23 Loom
25:48 Scale Barding Armor
29:13 Hand Cart
33:20 Imperial Age
30:38 Town Watch
30:55 Capped Ram
32:01 Chain Barding Armor
31:58 Bloodlines
33:50 Forging
34:53 Plate Barding Armor
36:35 Two-Man Saw
35:36 Elite Steppe Lancer
37:22 Iron Casting
36:39 Siege Ram
Im2Good4YoMoma
10:01 Feudal Age
11:25 Double-Bit Axe
14:04 Castle Age
15:48 Bow Saw
15:29 Horse Collar
16:45 Wheelbarrow
16:12 Loom
20:22 Gold Mining
21:39 Stone Mining
23:12 Heavy Plow
25:35 Stone Shaft Mining
28:42 Imperial Age
27:20 Hand Cart
26:58 Fletching
27:09 Padded Archer Armor
27:31 Ballistics
26:53 Treadmill Crane
27:50 Bodkin Arrow
27:51 Town Watch
28:28 Masonry
27:46 Crossbowman
28:44 Thumb Ring
29:03 Leather Archer Armor
29:04 Arbalester
29:46 Bracer
30:49 Chemistry
30:48 Ring Archer Armor
35:30 Forging
35:21 Scale Mail Armor
35:44 Conscription
36:47 Iron Casting
36:17 Squires
36:04 Arson
37:06 Chain Mail Armor
36:46 Elite Genoese Crossbowman
39:01 Architecture
38:17 Arrowslits
38:28 Murder Holes
Connection lost

Rejoining the realm…

Still unreachable

The connection could not be restored.

Session expired

The server has moved on; the page needs a fresh start.